[Event "Team 45 45 League T62"]
[Site "Internet Chess Club"]
[Date "2014.09.06"]
[Round "2"]
[White "Warpdrive"]
[Black "CaptK"]
[Result "1/2-1/2"]
[WhiteElo "1636"]
[BlackElo "1679"]
[Opening "Sicilian: Anderssen variation"]
[ECO "B41"]
[Time "23:02:54"]
[TimeControl "2700+45"]

1. e4 c5 2. Nf3 e6 3. d4 cxd4 4. Nxd4 Nf6 5. Nc3 Nc6 6. Be3 Bb4 7. f3 d5 8. Nxc6
bxc6 9. e5 Nd7 10. f4 Qa5 11. Bd2 Ba6 12. a3 Bxc3 13. Bxc3 Qb6 14. Bxa6 Qxa6 15.
Qd3 Nc5 16. Qxa6 Nxa6 17. b4 Nb8 18. Bd4 Nd7 19. Ke2 Nb6 20. Bxb6 axb6 21. Rhc1
b5 22. Rd1 Ke7 23. Rd3 Ra4 24. c3 Rha8 25. Rdd1 Rxa3 26. Rxa3 Rxa3 27. Kd3 Ra2
28. Rd2 Rxd2+ 29. Kxd2 f6 30. Kd3 fxe5 31. fxe5 Kd7 32. Kd4 Kc7 33. Kc5 g5 34.
g4 {Game drawn by mutual agreement} 1/2-1/2

[Event "Team 45 45 League T62"]
[Site "Internet Chess Club"]
[Date "2014.09.07"]
[Round "2"]
[White "tamtu"]
[Black "thecube"]
[Result "1/2-1/2"]
[WhiteElo "2035"]
[BlackElo "1847"]
[Opening "Grünfeld: exchange variation"]
[ECO "D85"]
[Time "01:03:54"]
[TimeControl "2700+45"]

1. d4 Nf6 2. c4 g6 3. Nc3 d5 4. cxd5 Nxd5 5. e4 Nxc3 6. bxc3 Bg7 7. Bg5 c5 8.
Rc1 O-O 9. Nf3 Bg4 10. d5 Qd6 11. Be2 Nd7 12. O-O Bxf3 13. Bxf3 b5 14. Qd2 c4
15. Qe3 Be5 16. g3 Nc5 17. Be2 Rfc8 18. f4 Bg7 19. Bg4 Rc7 20. e5 Qxd5 21. Bf3
Qd3 22. Qxd3 Nxd3 23. Bxa8 Nxc1 24. Rxc1 a5 25. Rb1 h6 26. Bh4 b4 27. cxb4 axb4
28. Rxb4 c3 29. Rb1 g5 30. fxg5 Bxe5 31. Rc1 Bd4+ 32. Kf1 Be3 33. Rc2 hxg5 34.
Ke2 Bd2 35. Rxd2 cxd2 36. Bxg5 Rc2 37. Bd5 Rc5 38. Bxf7+ Kxf7 39. Bxd2 Kg6 {Game
drawn by mutual agreement} 1/2-1/2

[Event "Team 45 45 League T62"]
[Site "Internet Chess Club"]
[Date "2014.09.03"]
[Round "2"]
[White "chops1975"]
[Black "achessman"]
[Result "1-0"]
[WhiteElo "1700"]
[BlackElo "1888"]
[Opening "Queen's pawn, Mason variation"]
[ECO "D00"]
[Time "21:03:36"]
[TimeControl "2700+45"]

1. d4 d5 2. Bf4 Nf6 3. e3 e6 4. Nd2 Bd6 5. Bg3 b6 6. Bd3 Bb7 7. c3 O-O 8. Ngf3
c5 9. Bxd6 Qxd6 10. O-O Ne4 11. Bc2 Nd7 12. dxc5 bxc5 13. Nxe4 Qc7 14. Ned2 Rab8
15. Rb1 Rfd8 16. Re1 Nf6 17. Nf1 e5 18. Ng3 e4 19. Nd2 Qe5 20. Qe2 Rd6 21. c4
Ba6 22. b3 Qc3 23. Rec1 Qa5 24. Qe1 Qxa2 25. cxd5 Bd3 26. Bxd3 exd3 27. Rxc5
Nxd5 28. Qc1 Qa6 29. Ra1 Qb7 30. Nf5 Rdd8 31. Nd4 Rd6 32. Nc6 Re8 33. Rxa7 Qb6
34. Ra1 Kf8 35. Nd4 Nb4 36. Rc8 Qb7 37. Rxe8+ Kxe8 38. Qc4 Rg6 39. Qb5+ Qxb5 40.
Nxb5 Rc6 41. Nd4 Rc3 42. Ne4 Rc7 43. Nd2 {Black resigns} 1-0

[Event "Team 45 45 League T62"]
[Site "Internet Chess Club"]
[Date "2014.09.05"]
[Round "2"]
[White "ghostfire"]
[Black "pokerram"]
[Result "1-0"]
[WhiteElo "1742"]
[BlackElo "1662"]
[Opening "Sicilian: Kan, 5.Nc3"]
[ECO "B43"]
[Time "22:00:45"]
[TimeControl "2700+45"]

1. e4 c5 2. Nf3 e6 3. d4 cxd4 4. Nxd4 a6 5. Nc3 Qc7 6. Be2 Bc5 7. O-O Nf6 8. Kh1
b5 9. a3 Bb7 10. Qd3 Nc6 11. Nxc6 Bxc6 12. f4 d5 13. exd5 Nxd5 14. Nxd5 Bxd5 15.
f5 Rd8 16. Qc3 e5 17. Qg3 g6 18. Bg5 Rd7 19. Bf6 Rg8 20. Bxe5 Bd6 21. Bxd6 Rxd6
22. Rae1 Kf8 23. f6 h6 24. Bd3 Be6 25. Qf4 g5 26. Qb4 Ke8 27. Bf5 Qd7 28. Bxe6
Rxe6 29. Rxe6+ Kd8 30. Rd6 {Black resigns} 1-0

[Event "Team 45 45 League T62"]
[Site "Internet Chess Club"]
[Date "2014.09.05"]
[Round "2"]
[White "Schachteufel"]
[Black "Constrictor"]
[Result "0-1"]
[WhiteElo "1538"]
[BlackElo "1684"]
[Opening "Ruy Lopez: Cozio defense"]
[ECO "C60"]
[Time "09:02:00"]
[TimeControl "2700+45"]

1. e4 e5 2. Nf3 Nc6 3. Bb5 Nge7 4. c3 d6 5. h3 Bd7 6. d4 exd4 7. cxd4 Ng6 8. Nc3
Be7 9. a3 O-O 10. O-O Kh8 11. Be3 f5 12. e5 dxe5 13. dxe5 Ncxe5 14. Nxe5 Nxe5
15. Bxd7 Qxd7 16. Qb3 f4 17. Rfd1 Qf5 18. Bd4 f3 19. Bxe5 fxg2 20. f4 Qxh3 21.
Qd5 Qh1+ 22. Kf2 Bh4+ 23. Ke2 Qh2 24. Qxg2 Qxg2+ {White resigns} 0-1

[Event "Team 45 45 League T62"]
[Site "Internet Chess Club"]
[Date "2014.09.07"]
[Round "2"]
[White "gz99754539"]
[Black "GregoryViking"]
[Result "0-1"]
[WhiteElo "1463"]
[BlackElo "1594"]
[Opening "Ruy Lopez: Schliemann defense"]
[ECO "C63"]
[Time "17:11:36"]
[TimeControl "2700+45"]

1. e4 e5 2. Nf3 Nc6 3. Bb5 f5 4. exf5 d6 5. d4 e4 6. Nfd2 Bxf5 7. d5 a6 8. Ba4
b5 9. Bb3 Nd4 10. O-O Nf6 11. Re1 Be7 12. c3 Bg4 13. f3 exf3 14. cxd4 f2+ 15.
Kxf2 Bxd1 16. Rxd1 O-O 17. Nc3 Ne4+ 18. Kg1 Nxd2 19. Bxd2 Bg5 20. Be1 Be3+ 21.
Bf2 Rxf2 22. Kh1 Qh4 23. Rg1 Raf8 24. Bd1 Rf1 25. Bf3 Rxg1+ 26. Rxg1 Bxg1 27. h3
Qxd4 28. Ne2 Qxb2 29. Nxg1 Qxa2 30. Ne2 Rxf3 31. gxf3 Qxe2 32. Kg1 b4 33. h4 b3
34. h5 b2 35. h6 b1=Q# {White checkmated} 0-1

[Event "Team 45 45 League T62"]
[Site "Internet Chess Club"]
[Date "2014.09.05"]
[Round "2"]
[White "chesskix"]
[Black "Timlisa9"]
[Result "1-0"]
[WhiteElo "1442"]
[BlackElo "1386"]
[Opening "English opening"]
[ECO "A05"]
[Time "22:00:43"]
[TimeControl "2700+45"]

1. Nf3 Nf6 2. c4 g6 3. Nc3 d5 4. cxd5 Nxd5 5. e4 Nxc3 6. bxc3 Bg7 7. Be2 O-O 8.
O-O Nc6 9. Rb1 e5 10. Bb2 Rb8 11. d4 Be6 12. d5 Qd7 13. dxe6 Qxe6 14. a3 Rfd8
15. Qc2 Bh6 16. Rfd1 Qf6 17. Rxd8+ Rxd8 18. Rd1 Rxd1+ 19. Qxd1 Qe7 20. Bc4 Qc5
21. Bd5 Qb5 22. Qb3 Qxb3 23. Bxb3 {Black resigns} 1-0

[Event "Team 45 45 League T62"]
[Site "Internet Chess Club"]
[Date "2014.09.07"]
[Round "2"]
[White "browndeer"]
[Black "Just-Jim"]
[Result "1-0"]
[WhiteElo "1500"]
[BlackElo "1289"]
[Opening "Ruy Lopez: old Steinitz defense"]
[ECO "C62"]
[Time "12:30:13"]
[TimeControl "2700+45"]

1. e4 e5 2. Nf3 Nc6 3. Bb5 d6 4. O-O f5 5. d3 f4 6. Nc3 Bd7 7. Bc4 Nf6 8. Bd2 a6
9. Qe2 Qe7 10. a3 Be6 11. Bxe6 Qxe6 12. Ng5 Qe7 13. Nf3 O-O-O 14. b4 Na7 15.
Rfb1 d5 16. exd5 Nxd5 17. Qxe5 Qxe5 18. Nxe5 Nxc3 19. Bxc3 Rg8 20. Rd1 Nb5 21.
Bb2 h5 22. c4 Nd6 23. Nf3 g6 24. Bf6 Rd7 25. Ne5 Rh7 26. Nf3 Rf7 27. Be5 Bg7 28.
Bxg7 Rfxg7 29. Ng5 h4 30. Ne6 Rf7 31. Ng5 Rf5 32. Nf3 g5 33. Nd4 Rf6 34. Re1 h3
35. Re6 Rxe6 36. Nxe6 hxg2 37. Kxg2 Nf5 38. Kf3 b6 39. Kg4 Nh6+ 40. Kf3 Kd7 41.
Nd4 Rf8 42. h3 Nf7 43. Re1 Nh6 44. Re2 Rf6 45. Re5 Nf7 46. Rf5 Rxf5 47. Nxf5 Ke6
48. Nd4+ Kf6 49. Nc6 Kg6 50. Kg4 Nh6+ 51. Kf3 Kh5 52. Ne5 Nf5 53. Nc6 Nh4+ 54.
Ke2 f3+ 55. Ke3 Nf5+ 56. Kxf3 Kh4 57. Kg2 Ng7 58. Nd4 Nh5 59. Ne6 c6 60. a4 Nf6
61. Nd8 c5 62. bxc5 bxc5 63. Ne6 Nd7 64. a5 Kh5 65. Kg3 Kg6 66. f4 gxf4+ 67.
Nxf4+ Kf5 68. h4 Ne5 69. h5 Kg5 70. Ne6+ Kxh5 71. Nxc5 Nc6 72. Nxa6 Nxa5 73. Kf4
Nc6 74. Ke4 Kg6 75. d4 Kf6 76. d5 Ne5 77. c5 Ke7 78. Kxe5 {Black resigns} 1-0

[Event "Team 45 45 League T62"]
[Site "Internet Chess Club"]
[Date "2014.09.05"]
[Round "2"]
[White "kingsrook"]
[Black "almond123"]
[Result "0-1"]
[WhiteElo "1297"]
[BlackElo "1430"]
[Opening "Grünfeld: exchange variation"]
[ECO "D85"]
[Time "20:00:17"]
[TimeControl "2700+45"]

1. d4 Nf6 2. c4 g6 3. Nc3 d5 4. cxd5 Nxd5 5. e4 Nxc3 6. bxc3 Bg7 7. Bg5 c5 8.
Rc1 cxd4 9. cxd4 Bxd4 10. Rxc8 Qxc8 11. Qxd4 Rg8 12. Bb5+ Nc6 13. Nf3 a6 14.
Bxc6+ Qxc6 15. O-O Qd7 16. Qb6 Qc6 17. Qe3 Rc8 18. Ne5 Qd6 19. Nf3 Qc5 20. Rc1
Qxc1+ 21. Qxc1 Rxc1+ 22. Bxc1 Kd7 23. a3 Rc8 24. Ne5+ Ke6 25. Bf4 g5 {White
resigns} 0-1

[Event "Team 45 45 League T62"]
[Site "Internet Chess Club"]
[Date "2014.09.04"]
[Round "2"]
[White "unclevinny"]
[Black "clarinetref"]
[Result "0-1"]
[WhiteElo "1501"]
[BlackElo "1613"]
[Opening "Robatsch (modern) defense"]
[ECO "B06"]
[Time "22:05:21"]
[TimeControl "2700+45"]

1. e4 g6 2. d4 d6 3. Nc3 Bg7 4. Be3 Nf6 5. Bc4 O-O 6. Qd2 Nxe4 7. Qd3 Nxc3 8.
Qxc3 c5 9. Qd2 Qc7 10. Qc3 Nc6 11. Ne2 Bf5 12. Bd3 Bxd3 13. Qxd3 cxd4 14. Bf4
Nb4 15. Qd1 Nxc2+ 16. Kf1 Nxa1 17. Qxa1 e5 {White resigns} 0-1

[Event "Team 45 45 League T62"]
[Site "Internet Chess Club"]
[Date "2014.09.06"]
[Round "2"]
[White "PostMike"]
[Black "g8wrb"]
[Result "1-0"]
[WhiteElo "1470"]
[BlackElo "1285"]
[Opening "French: advance, Euwe variation"]
[ECO "C02"]
[Time "14:31:08"]
[TimeControl "2700+45"]

1. e4 e6 2. d4 d5 3. e5 c5 4. c3 Nc6 5. Nf3 Bd7 6. Bd3 Qb6 7. O-O cxd4 8. cxd4
Nxd4 9. Nxd4 Qxd4 10. Qe2 a6 11. Nd2 Ne7 12. Nb3 Qb6 13. Be3 Qd8 14. Nc5 Bc6 15.
Bg5 Qb6 16. Be3 Qd8 17. Bg5 h6 18. Bh4 Qb6 19. Rac1 Nf5 20. Bxf5 Bxc5 21. Bd3
Bd4 22. Rc2 Qc7 23. Bg3 Qa5 24. a3 Ba4 25. Rd2 Rc8 26. Bxa6 Bxf2+ 27. Qxf2 Rc7
28. Bd3 O-O 29. Bc2 Rfc8 30. Bxa4 Qxa4 31. Qe2 Qb3 32. Rfd1 Rc2 33. Rxc2 Rxc2
34. Rd2 Rc1+ 35. Kf2 Rc4 36. Qe3 Qb5 37. Qd3 Qc6 38. Kf1 Qc7 39. h3 Rc5 40. Kf2
Rc4 41. Kg1 Qc6 42. Bf2 Qc7 43. Bd4 Qc6 44. Bc3 Qa4 45. Qe3 Qc6 46. Rd4 Rc5 47.
Qf4 Qc7 48. Ra4 Qc8 49. Qh4 Rb5 50. Qe7 Rb6 51. Rb4 Rxb4 52. Qxb4 Qc7 53. Kf2
Kh8 54. Ke3 Kg8 55. Kd2 Qc6 56. a4 Qc7 57. Qd4 Qc6 58. b3 Qc7 59. Qb4 Qc6 60. a5
Qc7 61. Qb5 Kf8 62. Bb4+ Kg8 63. Bd6 Qc8 64. Qc5 Qd8 65. Be7 Qb8 66. Qd6 Qc8 67.
Qd8+ Qxd8 68. Bxd8 Kf8 69. Kd3 Ke8 70. Bc7 Kd7 71. Bd6 f6 72. Bf8 fxe5 73. Bxg7
Kc6 74. Bxe5 Kb5 75. Bc3 b6 76. axb6 Kxb6 77. Kd4 Kc6 78. Ke5 {Black resigns}
1-0

[Event "Team 45 45 League T62"]
[Site "Internet Chess Club"]
[Date "2014.09.05"]
[Round "2"]
[White "SeniorCitizen"]
[Black "Aquaman"]
[Result "0-1"]
[WhiteElo "1302"]
[BlackElo "1344"]
[Opening "Danish gambit"]
[ECO "C21"]
[Time "15:00:38"]
[TimeControl "2700+45"]

1. e4 e5 2. d4 exd4 3. c3 dxc3 4. Bc4 Nf6 5. e5 Ng8 6. Nf3 Nc6 7. O-O Be7 8. Qd5
Nh6 9. Bxh6 O-O 10. Bc1 Nb4 11. Qd1 c2 12. Qd2 cxb1=Q 13. Rxb1 a6 14. a3 Nc6 15.
Bd3 b5 16. Qc2 g6 17. Qd2 Bb7 18. Qh6 f5 19. exf6 Bxf6 20. Bg5 Bg7 21. Bxd8 Bxh6
22. Bxc7 Nb8 23. Bxb8 Bxf3 24. gxf3 Raxb8 25. Be4 Rfd8 26. Rfd1 d6 27. Bd5+ Kf8
28. Re1 Bf4 29. h4 Be5 30. Kg2 Rdc8 31. b3 Rc5 32. Red1 Kg7 33. Rbc1 Kf6 34.
Rxc5 dxc5 35. Be4 a5 36. Rd5 Rc8 37. Kh3 Ke6 38. b4 axb4 39. axb4 Bd4 40. Kg3
Rc7 41. bxc5 Bxc5 42. Rd3 b4 43. f4 Rd7 44. Rxd7 Kxd7 45. Kg4 Ke7 46. f3 Kf6 47.
f5 h5+ 48. Kh3 gxf5 49. Bb1 f4 50. Kg2 Ke5 51. Kh3 Kd4 52. Bg6 b3 53. Bxh5 Ke3
54. Bg6 Kxf3 55. h5 Bd4 56. h6 Kf2 57. Kg4 f3 58. Kf4 Kg2 59. Be4 b2 60. Kg4 Kf2
61. Kf4 Bh8 62. Kg4 Ke3 63. Bb1 f2 {White resigns} 0-1

[Event "Team 45 45 League T62"]
[Site "Internet Chess Club"]
[Date "2014.09.07"]
[Round "2"]
[White "medsurg"]
[Black "pmxpp"]
[Result "1-0"]
[WhiteElo "1381"]
[BlackElo "1287"]
[Opening "QGD semi-Slav"]
[ECO "D43"]
[Time "15:01:30"]
[TimeControl "2700+45"]

1. d4 d5 2. Nf3 Nf6 3. c4 c6 4. Nc3 e6 5. Bg5 Nbd7 6. cxd5 exd5 7. e3 Be7 8. Bd3
h6 9. Bf4 O-O 10. h3 Qa5 11. O-O c5 12. dxc5 Bxc5 13. a3 Be7 14. b4 Qd8 15. Nb5
a6 16. Bc7 Qe8 17. Nd6 Bxd6 18. Bxd6 Nb6 19. Bxf8 Qxf8 20. Nd4 Qd6 21. Qf3 Bd7
22. Nf5 Qe6 23. Rac1 Bc6 24. Nd4 Qe8 25. Qf4 Rc8 26. Bf5 Nbd7 27. Rc2 Ne4 28.
Rfc1 g6 29. Bxd7 Qxd7 30. Qxh6 Nd6 31. Nxc6 bxc6 32. Qf4 Nc4 33. Rxc4 dxc4 34.
Qxc4 Qb7 35. a4 Rc7 36. b5 axb5 37. axb5 c5 38. Rd1 Qa8 39. Rd6 Qa1+ 40. Qf1 Qe5
41. Qd1 Ra7 42. Ra6 Rxa6 43. bxa6 Qe8 44. Qd5 Qb8 45. Qxc5 Qb1+ 46. Kh2 Qb8+ 47.
g3 Qb2 48. Kg2 {Black resigns} 1-0

[Event "Team 45 45 League T62"]
[Site "Internet Chess Club"]
[Date "2014.09.06"]
[Round "2"]
[White "rkaebi"]
[Black "AlPearson"]
[Result "0-1"]
[WhiteElo "1418"]
[BlackElo "1417"]
[Opening "Caro-Kann: classical, Spassky variation"]
[ECO "B18"]
[Time "13:01:16"]
[TimeControl "2700+45"]

1. e4 c6 2. d4 d5 3. Nc3 dxe4 4. Nxe4 Bf5 5. Ng3 Bg6 6. Nf3 Nd7 7. h4 h6 8. h5
Bh7 9. Bd3 Bxd3 10. Qxd3 Ngf6 11. O-O e6 12. b3 Bd6 13. Ne4 Nxe4 14. Qxe4 Nf6
15. Qh4 Qa5 16. g4 Qc3 17. Ne5 Qxd4 18. Nxf7 Kxf7 19. Be3 Qxg4+ 20. Qxg4 Nxg4
21. Rad1 Nxe3 22. fxe3+ Ke7 {White resigns} 0-1

[Event "Team 45 45 League T62"]
[Site "Internet Chess Club"]
[Date "2014.09.04"]
[Round "2"]
[White "Zyme"]
[Black "pcvan"]
[Result "0-1"]
[WhiteElo "1363"]
[BlackElo "1533"]
[Opening "QGD: classical variation (5.Bf4)"]
[ECO "D37"]
[Time "21:00:10"]
[TimeControl "2700+45"]

1. d4 d5 2. c4 e6 3. Nc3 Nf6 4. Nf3 Be7 5. Bf4 O-O 6. e3 c5 7. dxc5 Bxc5 8. cxd5
Nxd5 9. Nxd5 exd5 10. Bd3 Bb4+ 11. Ke2 Bg4 12. h3 Bxf3+ 13. gxf3 Qf6 14. Qc2 g6
15. Qb3 Nc6 16. Rab1 Rfe8 17. Qxd5 Qxf4 18. Rhg1 Rad8 19. Qg5 Qxg5 20. Rxg5 Nd4+
21. Kf1 Nxf3 22. Rb5 Rxd3 23. Ke2 Nd4+ 24. Kxd3 Nxb5 25. Kc4 Na3+ 26. bxa3 Bxa3
27. Rxb7 Rc8+ 28. Kb3 Bc5 29. Re7 {White resigns} 0-1

[Event "Team 45 45 League T62"]
[Site "Internet Chess Club"]
[Date "2014.09.07"]
[Round "2"]
[White "guyd52"]
[Black "artspir"]
[Result "1-0"]
[WhiteElo "1344"]
[BlackElo "1206"]
[Opening "Réti opening"]
[ECO "A04"]
[Time "08:30:32"]
[TimeControl "2700+45"]

1. Nf3 c6 2. g3 d5 3. Bg2 Nf6 4. d3 Bf5 5. Bf4 Nbd7 6. O-O e6 7. Nbd2 Bc5 8. Re1
O-O 9. e4 dxe4 10. Nxe4 Nxe4 11. dxe4 Bg6 12. h4 h6 13. Qd3 f6 14. Qb3 Bf7 15.
Rad1 e5 16. Qd3 Be6 17. Be3 Qb6 18. Bxc5 Nxc5 19. Qa3 Na6 20. c3 c5 21. b3 Rac8
22. Qb2 Bg4 23. Re3 f5 24. Rd5 Qe6 25. Bf1 fxe4 26. Bc4 Kh7 27. Nxe5 Rc7 28.
Rxe4 Qf5 29. Nxg4 Qxe4 30. Bd3 Qxd3 31. Rxd3 c4 32. Re3 b5 33. Qc2+ Kg8 34. Qe4
Rcf7 35. Qg6 cxb3 36. Nxh6+ Kh8 37. Nxf7+ Rxf7 38. Re8+ {Black resigns} 1-0

[Event "Team 45 45 League T62"]
[Site "Internet Chess Club"]
[Date "2014.09.04"]
[Round "2"]
[White "Egmont"]
[Black "Greedy-Reedy"]
[Result "0-1"]
[WhiteElo "1791"]
[BlackElo "1964"]
[Opening "Queen's pawn: London system"]
[ECO "A45"]
[Time "12:00:27"]
[TimeControl "2700+45"]

1. d4 Nf6 2. Bf4 c5 3. c3 Qb6 4. Qc2 cxd4 5. cxd4 Nc6 6. e3 g6 7. a3 Bg7 8. Nf3
d6 9. Bd3 Bg4 10. Nbd2 O-O 11. h3 Bxf3 12. Nxf3 Rac8 13. Qd2 Rfe8 14. Bg5 e5 15.
Bxf6 Bxf6 16. dxe5 dxe5 17. e4 Red8 18. O-O Qb3 19. Rfd1 Nd4 20. Nxd4 Rxd4 21.
Qe3 Rcd8 22. Qf3 Rxd3 23. Rxd3 Rxd3 24. Qxf6 Qxb2 25. Rf1 Qd4 26. Qe7 Qd6 27.
Qxb7 Rxa3 28. Rc1 Kg7 29. Rc7 Ra1+ 30. Kh2 Qf6 31. Rc2 Qf4+ 32. g3 Qf3 {White
resigns} 0-1

[Event "Team 45 45 League T62"]
[Site "Internet Chess Club"]
[Date "2014.09.08"]
[Round "2"]
[White "rubo"]
[Black "AVEMARIA"]
[Result "1/2-1/2"]
[WhiteElo "1727"]
[BlackElo "1650"]
[Opening "Bird's opening"]
[ECO "A03"]
[Time "18:12:22"]
[TimeControl "2700+45"]

1. f4 d5 2. Nf3 Nf6 3. e3 g6 4. b3 Bg7 5. Bb2 O-O 6. Be2 c5 7. O-O Nc6 8. Ne5
Qc7 9. Nxc6 Qxc6 10. Bf3 b6 11. c4 e6 12. Nc3 Bb7 13. cxd5 exd5 14. Ne2 Qd7 15.
Ng3 Rad8 16. Qe2 Rfe8 17. Qd3 Ne4 18. Bxg7 Kxg7 19. Bxe4 dxe4 20. Qc3+ Kg8 21.
Rf2 Qd3 22. Rc1 f5 23. h4 Qxc3 24. Rxc3 Rd7 25. h5 Red8 26. Rc2 Ba6 27. Kh2 Rd6
28. h6 Bd3 29. Rb2 Rc6 30. Ne2 Bxe2 31. Rxe2 c4 32. Rc2 b5 33. Kg1 Rdc8 34. Kf2
cxb3 35. Rxc6 Rxc6 36. axb3 a5 37. Re1 Kf7 38. Ke2 Kf6 39. Ra1 Ra6 40. d4 exd3+
41. Kxd3 g5 42. g3 Kg6 43. fxg5 Kxg5 44. e4 fxe4+ 45. Kxe4 a4 46. Ra3 Kxh6 47.
Kd4 Kg5 48. Kc5 axb3 49. Rxb3 {Game drawn by mutual agreement} 1/2-1/2

[Event "Team 45 45 League T62"]
[Site "Internet Chess Club"]
[Date "2014.09.03"]
[Round "2"]
[White "Kingofknights"]
[Black "Mitochondria"]
[Result "1/2-1/2"]
[WhiteElo "1686"]
[BlackElo "1511"]
[Opening "King's Indian: Sämisch, 6...Nc6"]
[ECO "E83"]
[Time "21:30:29"]
[TimeControl "2700+45"]

1. d4 Nf6 2. c4 g6 3. Nc3 Bg7 4. e4 d6 5. f3 O-O 6. Be3 Nc6 7. Bd3 e6 8. Qd2 e5
9. d5 Ne7 10. Nge2 Ne8 11. O-O f5 12. exf5 Nxf5 13. Bxf5 Bxf5 14. Ng3 Bd7 15.
Rac1 Nf6 16. b4 a6 17. a4 Qe7 18. c5 Be8 19. Rfe1 Kh8 20. a5 Ng8 21. Nce4 Nf6
22. cxd6 cxd6 23. Bb6 Nxe4 24. Nxe4 Qh4 25. Rc7 Bb5 26. Nxd6 Bh6 27. Qd1 Bf4 28.
h3 Qg3 29. Nxb5 Qh2+ 30. Kf1 Bg3 31. Bg1 Qh1 32. Ke2 Qxg2+ 33. Kd3 Rxf3+ 34. Re3
Rxe3+ 35. Bxe3 e4+ 36. Kc4 axb5+ 37. Kxb5 Bxc7 38. d6 Bd8 39. Qd4+ Kg8 40. Qd5+
Kg7 41. Qxb7+ Kg8 42. Bc5 Qf1+ 43. Kc6 Qa6+ 44. Qxa6 Rxa6+ 45. Kb7 Rxa5 46. bxa5
Bxa5 47. Bb6 Bb4 48. d7 Be7 49. Bc5 Bh4 50. Kc8 Kf7 51. d8=Q Bxd8 52. Kxd8 h5
53. Kd7 Kf6 54. h4 Kf5 55. Be3 Kg4 56. Bg5 e3 57. Bxe3 Kxh4 58. Ke6 g5 59. Kf5
g4 60. Kf4 Kh3 61. Bd4 g3 62. Kf3 h4 63. Bg1 g2 64. Kf2 Kg4 65. Kxg2 {Game drawn
by mutual agreement} 1/2-1/2

[Event "Team 45 45 League T62"]
[Site "Internet Chess Club"]
[Date "2014.09.04"]
[Round "2"]
[White "g8wrb"]
[Black "tightfist"]
[Result "0-1"]
[WhiteElo "1272"]
[BlackElo "1529"]
[Opening "French: Tarrasch, open variation"]
[ECO "C07"]
[Time "10:23:29"]
[TimeControl "2700+45"]

1. e4 e6 2. d4 d5 3. Nd2 c5 4. exd5 cxd4 5. Ndf3 Qxd5 6. Qxd4 Qxd4 7. Nxd4 Nf6
8. Ngf3 Bc5 9. Bd3 O-O 10. O-O Bd7 11. Bf4 a6 12. Rad1 Nc6 13. Nb3 Be7 14. a3
Rac8 15. Ne5 Nxe5 16. Bxe5 Ba4 17. Rfe1 Rfd8 18. h3 Nd7 19. Bc3 Bf6 20. Bxf6
Nxf6 21. Kf1 h6 22. Ke2 Nd5 23. g3 Rc7 24. Nd4 Rdc8 25. Kd2 Kf8 26. b3 Bd7 27.
c4 Nf6 28. Re5 Be8 29. Ke3 Nd7 30. Rh5 Nc5 31. Bc2 Ke7 32. b4 Nd7 33. c5 Nf6 34.
Re5 Nd5+ 35. Kd3 Kf6 36. f4 a5 37. Nb5 Bxb5+ 38. Kd4 axb4 39. Rxd5 exd5 40. axb4
Bc4 41. Bd3 Bxd3 42. Rxd3 Rd7 43. Re3 Ra8 44. Re5 Ra4 45. Kc3 Ra3+ 46. Kd4 Rxg3
{White resigns} 0-1

[Event "Team 45 45 League T62"]
[Site "Internet Chess Club"]
[Date "2014.09.07"]
[Round "2"]
[White "xt"]
[Black "otherook"]
[Result "1/2-1/2"]
[WhiteElo "1718"]
[BlackElo "1742"]
[Opening "French defense"]
[ECO "C00"]
[Time "13:00:57"]
[TimeControl "2700+45"]

1. e4 e6 2. Nf3 d5 3. exd5 exd5 4. d4 Bd6 5. Bg5 Ne7 6. Nc3 c6 7. Be2 O-O 8. O-O
f6 9. Be3 Nf5 10. Qd2 Nxe3 11. fxe3 Qc7 12. h3 Re8 13. a3 a5 14. Rae1 b5 15. a4
b4 16. Nd1 Bg3 17. Nf2 Bf5 18. Bd3 Be4 19. Re2 Nd7 20. Nh1 Bd6 21. Qe1 Nb6 22.
b3 Re7 23. g4 Rae8 24. Nh4 Bxh1 25. Nf5 Be4 26. Nxe7+ Qxe7 27. Qf2 Nd7 28. Bxe4
Qxe4 29. Qf5 Qxf5 30. Rxf5 Re4 31. Kg2 g6 32. Rf1 Kg7 33. Rc1 c5 34. c3 bxc3 35.
dxc5 Bxc5 36. Rxc3 d4 37. Rc4 Rxe3 38. Rxe3 dxe3 39. Rc2 Kf7 40. Kf3 Ke6 41. Kf4
Kd5 42. Rc1 Kd4 43. Kf3 Ne5+ 44. Ke2 Bb4 45. Rf1 Bd2 46. Rxf6 Kc3 47. Re6 Nd7
48. Re7 Nc5 49. Rxh7 Nxb3 50. Rc7+ Kb4 51. h4 Nd4+ 52. Kd3 Nb3 53. Ke2 Kxa4 54.
h5 gxh5 55. gxh5 Nd4+ 56. Kd3 Nf5 57. Rc6 Kb3 58. Rb6+ Bb4 59. h6 Nxh6 60. Rxh6
Bc5 61. Rc6 Kb4 62. Rxc5 Kxc5 63. Kxe3 Kc4 64. Kd2 Kb3 65. Kc1 a4 66. Kb1 a3 67.
Ka1 a2 {White stalemated} 1/2-1/2

[Event "Team 45 45 League T62"]
[Site "Internet Chess Club"]
[Date "2014.09.07"]
[Round "2"]
[White "caglar"]
[Black "mongmong"]
[Result "1-0"]
[WhiteElo "1582"]
[BlackElo "1575"]
[Opening "French: exchange variation"]
[ECO "C01"]
[Time "06:01:03"]
[TimeControl "2700+45"]

1. e4 e6 2. d4 d5 3. exd5 exd5 4. c4 Nf6 5. Nf3 Bd6 6. Nc3 O-O 7. cxd5 h6 8. Be2
Nbd7 9. O-O Nb6 10. Ne5 Nbxd5 11. Bc4 c6 12. Qf3 Bc7 13. Re1 Be6 14. Bb3 Bb6 15.
Be3 Re8 16. Rad1 Re7 17. Bc2 Qe8 18. Ne4 Nd7 19. Nd6 Nxe5 20. dxe5 Qd7 21. Bxh6
gxh6 22. Qh5 Kg7 23. Rd3 Rh8 24. Rg3+ Kf8 25. Nf5 Nf4 26. Qh4 Bxf5 27. Qf6 Rg8
28. Qxh6+ {Black resigns} 1-0

[Event "Team 45 45 League T62"]
[Site "Internet Chess Club"]
[Date "2014.09.07"]
[Round "2"]
[White "oldsj"]
[Black "kingphisch"]
[Result "1/2-1/2"]
[WhiteElo "1548"]
[BlackElo "1499"]
[Opening "Caro-Kann: Panov-Botvinnik attack, 5...e6"]
[ECO "B14"]
[Time "14:00:41"]
[TimeControl "2700+45"]

1. e4 c6 2. d4 d5 3. exd5 cxd5 4. c4 Nf6 5. Nc3 e6 6. c5 Nc6 7. Nf3 Be7 8. Bb5
Bd7 9. O-O O-O 10. Bf4 Rc8 11. a3 Nh5 12. Be3 Nf6 13. b4 Ne4 14. Rc1 a6 15. Bd3
Nxc3 16. Rxc3 b5 17. Qc2 f5 18. Bf4 Bf6 19. Be3 Qe8 20. Be2 e5 21. dxe5 Nxe5 22.
Nxe5 Bxe5 23. Rd3 Bc6 24. Bf3 Qf7 25. Rfd1 Rfd8 26. Qb3 Rc7 27. Bd4 Bxd4 28.
Rxd4 Rcd7 29. Qd3 Qe6 30. Qd2 g6 31. Re1 Qf7 32. Kf1 {Game drawn by mutual
agreement} 1/2-1/2

[Event "Team 45 45 League T62"]
[Site "Internet Chess Club"]
[Date "2014.09.08"]
[Round "2"]
[White "Danny-ONeil"]
[Black "craftsman49868"]
[Result "1-0"]
[WhiteElo "1238"]
[BlackElo "1578"]
[Opening "Benkö gambit: fianchetto variation"]
[ECO "A58"]
[Time "12:00:11"]
[TimeControl "2700+45"]

1. d4 Nf6 2. c4 c5 3. d5 b5 4. cxb5 a6 5. bxa6 g6 6. Nc3 Bxa6 7. Nf3 d6 8. g3
Bg7 9. Bg2 Nbd7 10. O-O O-O 11. Re1 Qa5 12. Qc2 Rfb8 13. Bd2 Qc7 14. Rab1 Nb6
15. e4 Nc4 16. Bg5 Ng4 17. h3 Nge5 18. Nxe5 Nxe5 19. Rbd1 c4 20. Rf1 Nd3 21. Rb1
Bc8 22. a4 Bd7 23. b3 Nb4 24. Qd2 cxb3 25. Rxb3 Bxa4 26. Nxa4 Rxa4 27. Rc1 Qd8
28. Rcb1 Na6 29. Bxe7 Qxe7 30. Rxb8+ Nxb8 31. Rxb8+ Bf8 32. Qc2 Ra1+ 33. Kh2 Ra7
34. Qb3 h5 35. f4 Kh7 36. g4 h4 37. Qb2 Bg7 38. Qf2 g5 39. e5 dxe5 40. Be4+ Kh6
41. Qb6+ f6 42. fxg5+ Kxg5 43. Qe3# {Black checkmated} 1-0